Havana Tropicals vs Atlantic City Gamblers
Created - Wednesday, May 31, 2023 at 09:33
Goals
|
| Havana Tropicals |
0 |
0 |
2 |
2 |
| Atlantic City Gamblers |
0 |
1 |
3 |
4 |
|
Shots
|
| Havana Tropicals |
6 |
11 |
7 |
24 |
| Atlantic City Gamblers |
9 |
5 |
8 |
22 |
|
1st period
No Goal
Penalties :
Pavel Dorofeyev (HAV) for Holding (Minor) at 2:14, Milan Lucic (HAV) for Close Hand On Puck (Minor) at 10:37
2nd period
1. Atlantic City Gamblers , Jean-Luc Foudy 13 (Boris Katchouk 22, Yegor Chinakhov 42) at 0:10
Penalties :
Boris Katchouk (ACG) for High sticking (Minor) at 4:42, Pavel Dorofeyev (HAV) for Hooking (Minor) at 13:54
3rd period
2. Havana Tropicals , Tucker Poolman 4 (Alexander Nylander 9, Nolan Foote 7) at 10:19
3. Atlantic City Gamblers , Alex Beaucage 8 (Jakub Lauko 12) at 11:20
4. Havana Tropicals , Zach Aston-Reese 29 (Teddy Blueger 71, Pierre-Edouard Bellemare 50) at 11:34 (PP)
5. Atlantic City Gamblers , Jakub Lauko 7 (Egor Sokolov 18, Alex Beaucage 6) at 13:02
6. Atlantic City Gamblers , Cody Glass 37 (Luke Kunin 59) at 14:09 (PP)
Penalties :
Jakub Lauko (ACG) for Goalie Interference (Minor) at 1:00, Cody Glass (ACG) for Roughing (Minor) at 11:26, Zach Aston-Reese (HAV) for High sticking (Double Minor) at 13:17
Goalie Stats
Eric Comrie (HAV), 18 saves from 22 shots - (0.818), L, 28-11-3, 60:00 minutes
Tuukka Rask (ACG), 22 saves from 24 shots - (0.917), W, 14-16-4, 60:00 minutes
Players Stats for Havana Tropicals
Player Name G A P +/- PIM S H SB GA TA FO MP PP MP PK MP
------------------------------------------------------------------------------------
Alexander Nylander 0 1 1 1 0 0 1 2 0 0 0/0 9:14 0:00 0:00
Chris Tierney 0 0 0 0 0 3 2 1 0 0 7/15 18:18 1:51 4:16
Darren Raddysh 0 0 0 0 0 0 2 0 0 0 0/0 13:30 0:00 0:00
Dean Kukan 0 0 0 0 0 0 1 1 0 1 0/0 13:30 0:00 0:00
Emil Bemstrom 0 0 0 -1 0 0 3 0 0 0 0/0 12:26 0:11 0:00
Henrik Borgstrom 0 0 0 1 0 2 1 1 0 0 1/2 10:26 0:11 0:35
Milan Lucic 0 0 0 0 2 1 1 1 0 1 1/1 17:27 1:51 3:14
Nolan Foote 0 1 1 1 0 2 0 0 0 0 0/0 9:14 0:00 0:00
Pavel Dorofeyev 0 0 0 -1 4 0 1 0 0 0 0/0 12:59 0:00 0:52
Philipp Kurashev 0 0 0 -1 0 0 2 0 2 0 1/4 12:24 0:11 0:00
Pierre-Edouard Bellemare 0 1 1 -2 0 5 2 0 0 0 0/1 19:05 2:04 3:54
Robert Bortuzzo 0 0 0 -3 0 1 4 1 0 1 0/0 25:15 1:51 4:22
Sammy Blais 0 0 0 0 0 2 2 0 1 0 0/0 14:16 1:51 0:00
Teddy Blueger 0 1 1 -2 0 3 2 0 0 0 10/20 19:05 2:04 3:54
Timothy Liljegren 0 0 0 1 0 1 1 1 1 0 0/0 21:15 2:15 4:26
Tucker Poolman 1 0 1 1 0 1 3 1 1 1 0/0 21:15 2:15 4:26
Zach Aston-Reese 1 0 1 -2 4 3 4 0 0 0 0/1 16:14 2:04 0:51
Zach Whitecloud 0 0 0 -3 0 0 3 0 0 0 0/0 25:15 1:51 4:22
Players Stats for Atlantic City Gamblers
Player Name G A P +/- PIM S H SB GA TA FO MP PP MP PK MP
------------------------------------------------------------------------------------
Alex Beaucage 1 1 2 2 0 3 2 0 1 1 1/1 13:04 0:01 0:00
Boris Katchouk 0 1 1 1 2 0 4 0 0 0 0/0 16:55 4:25 0:00
Callan Foote 0 0 0 1 0 2 4 2 1 0 0/0 23:03 4:00 2:09
Cam Dineen 0 0 0 1 0 1 0 0 0 1 0/0 22:52 4:48 1:57
Cody Glass 1 0 1 -1 2 2 2 0 1 0 0/0 18:16 4:20 2:05
Egor Sokolov 0 1 1 2 0 2 4 0 0 0 0/0 13:09 0:04 0:00
Jakub Lauko 1 1 2 2 2 2 1 0 0 0 5/9 13:13 0:00 0:00
Jean-Luc Foudy 1 0 1 1 0 1 1 1 0 0 8/13 16:39 4:27 0:00
Layton Ahac 0 0 0 0 0 0 0 1 0 0 0/0 9:52 0:00 0:00
Luke Kunin 0 1 1 -1 0 0 3 1 0 1 7/14 18:17 4:20 2:05
Michael Vukojevic 0 0 0 0 0 0 0 0 0 1 0/0 14:05 0:00 0:00
Nick Henry 0 0 0 0 0 1 2 0 0 1 0/0 9:52 0:00 0:00
Nils Hoglander 0 0 0 -1 0 2 3 0 0 0 1/3 18:07 4:20 2:01
Ronald Attard 0 0 0 1 0 0 1 1 0 0 0/0 22:52 4:48 1:57
Thomas Harley 0 0 0 0 0 0 1 0 1 0 0/0 14:05 0:00 0:00
Ty Smith 0 0 0 1 0 4 1 0 0 0 0/0 23:03 4:00 2:09
Xavier Bernard 0 0 0 0 0 0 2 0 0 0 1/1 9:52 0:00 0:00
Yegor Chinakhov 0 1 1 1 0 2 2 0 0 0 1/3 18:35 4:27 2:01
3 Stars
1 - Alex Beaucage (ACG)
2 - Jakub Lauko (ACG)
3 - Egor Sokolov (ACG)
Power Play
Havana Tropicals - 1 on 3 Attempt(s) - 33.33%
Atlantic City Gamblers - 1 on 5 Attempt(s) - 20.00%
Penalty Kill
Havana Tropicals - 4 on 5 Attempt(s) - 80.00%
- Score 0 goal in Penalty Kill
Atlantic City Gamblers - 2 on 3 Attempt(s) - 66.67%
- Score 0 goal in Penalty Kill
Team Stat
Havana Tropicals - Hits : 35 - Faceoff Wins : 20 - Blocked Shots : 9 - Penalty Minutes : 10
Atlantic City Gamblers - Hits : 33 - Faceoff Wins : 24 - Blocked Shots : 6 - Penalty Minutes : 6
Official
Referees : Wes McCauley and Garrett Rank
Linesman : Devin Berg and David Brisebois
Game Notes
No Game Note
Havana Tropicals
5 vs 5 Forward
Center Left Wing Right Wing Time % Phy DF OF
1 Teddy Blueger Pierre-Edouard Bellemare Zach Aston-Reese 30 1 2 2
2 Chris Tierney Milan Lucic Sammy Blais 30 1 2 2
3 Philipp Kurashev Emil Bemstrom Pavel Dorofeyev 25 1 2 2
4 Henrik Borgstrom Nolan Foote Alexander Nylander 15 1 2 2
5 vs 5 Defense
Defense Defense Time % Phy DF OF
1 Zach Whitecloud Robert Bortuzzo 30 1 2 2
2 Tucker Poolman Timothy Liljegren 30 1 2 2
3 Dean Kukan Darren Raddysh 25 1 2 2
4 Zach Whitecloud Robert Bortuzzo 15 1 2 2
PowerPlay Forward
Center Left Wing Right Wing Time % Phy DF OF
1 Teddy Blueger Pierre-Edouard Bellemare Zach Aston-Reese 50 1 2 2
2 Chris Tierney Milan Lucic Sammy Blais 50 1 2 2
PowerPlay Defense
Defense Defense Time % Phy DF OF
1 Zach Whitecloud Robert Bortuzzo 50 1 2 2
2 Tucker Poolman Timothy Liljegren 50 1 2 2
Penalty Kill 4 Players Forward
Center Wing Time % Phy DF OF
1 Teddy Blueger Pierre-Edouard Bellemare 50 1 2 2
2 Chris Tierney Milan Lucic 50 1 2 2
Penalty Kill 4 Players Defense
Defense Defense Time % Phy DF OF
1 Zach Whitecloud Robert Bortuzzo 50 1 2 2
2 Tucker Poolman Timothy Liljegren 50 1 2 2
Penalty Kill - 3 Players Forward
Forward Time % Phy DF OF
1 Teddy Blueger 50 1 2 2
2 Pierre-Edouard Bellemare 50 1 2 2
Penalty Kill - 3 Players Defense
Defense Defense Time % Phy DF OF
1 Zach Whitecloud Robert Bortuzzo 50 1 2 2
2 Tucker Poolman Timothy Liljegren 50 1 2 2
4 vs 4 Forward
Center Wing Time % Phy DF OF
1 Teddy Blueger Pierre-Edouard Bellemare 50 1 2 2
2 Chris Tierney Milan Lucic 50 1 2 2
4 vs 4 Defense
Defense Defense Time % Phy DF OF
1 Zach Whitecloud Robert Bortuzzo 50 1 2 2
2 Tucker Poolman Timothy Liljegren 50 1 2 2
Last Minutes Offensive
Center Left Wing Right Wing Defense Defense
Teddy Blueger Pierre-Edouard Bellemare Zach Aston-Reese Zach Whitecloud Robert Bortuzzo
Last Minutes Defensive
Center Left Wing Right Wing Defense Defense
Teddy Blueger Pierre-Edouard Bellemare Zach Aston-Reese Zach Whitecloud Robert Bortuzzo
Goaltenders
Starting : Eric Comrie
Backup : Arvid Soderblom
Extra Forwards
Normal : Philipp Kurashev, Emil Bemstrom, Pavel Dorofeyev - PP : Philipp Kurashev, Emil Bemstrom - PK : Pavel Dorofeyev
Extra Defensemen
Normal : Dean Kukan, Darren Raddysh, Tucker Poolman - PP : Dean Kukan - PK : Darren Raddysh, Tucker Poolman
Penalty Shots
Teddy Blueger, Pierre-Edouard Bellemare, Chris Tierney, Milan Lucic, Zach Aston-Reese
Atlantic City Gamblers
5 vs 5 Forward
Center Left Wing Right Wing Time % Phy DF OF
1 Luke Kunin Nils Hoglander Cody Glass 30 1 2 2
2 Jean-Luc Foudy Boris Katchouk Yegor Chinakhov 30 1 2 2
3 Jakub Lauko Egor Sokolov Alex Beaucage 25 1 2 2
4 Nick Henry Layton Ahac Xavier Bernard 15 1 2 2
5 vs 5 Defense
Defense Defense Time % Phy DF OF
1 Ty Smith Callan Foote 35 1 2 2
2 Ronald Attard Cam Dineen 35 1 2 2
3 Thomas Harley Michael Vukojevic 30 1 2 2
4 Ty Smith Callan Foote 0 1 2 2
PowerPlay Forward
Center Left Wing Right Wing Time % Phy DF OF
1 Luke Kunin Nils Hoglander Cody Glass 50 1 2 2
2 Jean-Luc Foudy Boris Katchouk Yegor Chinakhov 50 1 2 2
PowerPlay Defense
Defense Defense Time % Phy DF OF
1 Ty Smith Callan Foote 50 1 2 2
2 Ronald Attard Cam Dineen 50 1 2 2
Penalty Kill 4 Players Forward
Center Wing Time % Phy DF OF
1 Luke Kunin Cody Glass 50 1 2 2
2 Nils Hoglander Yegor Chinakhov 50 1 2 2
Penalty Kill 4 Players Defense
Defense Defense Time % Phy DF OF
1 Ty Smith Callan Foote 50 1 2 2
2 Ronald Attard Cam Dineen 50 1 2 2
Penalty Kill - 3 Players Forward
Forward Time % Phy DF OF
1 Luke Kunin 50 1 2 2
2 Cody Glass 50 1 2 2
Penalty Kill - 3 Players Defense
Defense Defense Time % Phy DF OF
1 Ty Smith Callan Foote 50 1 2 2
2 Ronald Attard Cam Dineen 50 1 2 2
4 vs 4 Forward
Center Wing Time % Phy DF OF
1 Luke Kunin Cody Glass 50 1 2 2
2 Nils Hoglander Yegor Chinakhov 50 1 2 2
4 vs 4 Defense
Defense Defense Time % Phy DF OF
1 Ty Smith Callan Foote 50 1 2 2
2 Ronald Attard Cam Dineen 50 1 2 2
Last Minutes Offensive
Center Left Wing Right Wing Defense Defense
Luke Kunin Nils Hoglander Cody Glass Ty Smith Callan Foote
Last Minutes Defensive
Center Left Wing Right Wing Defense Defense
Luke Kunin Nils Hoglander Cody Glass Ty Smith Callan Foote
Goaltenders
Starting : Tuukka Rask
Backup : Isaiah Saville
Extra Forwards
Normal : Egor Sokolov, Alex Beaucage, Jakub Lauko - PP : Egor Sokolov, Alex Beaucage - PK : Jakub Lauko
Extra Defensemen
Normal : Thomas Harley, Michael Vukojevic, Xavier Bernard - PP : Thomas Harley - PK : Michael Vukojevic, Xavier Bernard
Penalty Shots
Luke Kunin, Cody Glass, Nils Hoglander, Yegor Chinakhov, Boris Katchouk
% Time on Ice - Havana Tropicals
Lines # - Real PCT - Wanted PCT - Time Play
Normal Forward
1 - 28% - 30% - 13:25
2 - 27% - 30% - 12:46
3 - 25% - 25% - 11:41
4 - 20% - 15% - 9:14
Normal Defense
1 - 30% - 30% - 14:16
2 - 31% - 30% - 14:34
3 - 29% - 25% - 13:30
4 - 10% - 15% - 4:46
PP Forward
1 - 52% - 50% - 2:07
2 - 48% - 50% - 1:59
PP Defense
1 - 45% - 50% - 1:51
2 - 55% - 50% - 2:15
PK Forward
1 - 47% - 50% - 4:06
2 - 53% - 50% - 4:42
PK Defense
1 - 50% - 50% - 4:22
2 - 50% - 50% - 4:26
PK3 Forward
1 - 0% - 50%
2 - 0% - 50%
PK3 Defense
1 - 0% - 50%
2 - 0% - 50%
44 Forward
1 - 0% - 50%
2 - 0% - 50%
44 Defense
1 - 0% - 50%
2 - 0% - 50%
Last Minute Offensive - 0:00
Last Minute Defensive - 0:00
Total
Forward - 60:00
Defense - 60:00
|
% Time on Ice - Atlantic City Gamblers
Lines # - Real PCT - Wanted PCT - Time Play
Normal Forward
1 - 25% - 30% - 11:52
2 - 27% - 30% - 12:54
3 - 26% - 25% - 12:28
4 - 21% - 15% - 9:52
Normal Defense
1 - 36% - 35% - 16:54
2 - 34% - 35% - 16:07
3 - 30% - 30% - 14:05
4 - 0% - 0% - 0:00
PP Forward
1 - 49% - 50% - 4:20
2 - 51% - 50% - 4:28
PP Defense
1 - 45% - 50% - 4:00
2 - 55% - 50% - 4:48
PK Forward
1 - 51% - 50% - 2:05
2 - 49% - 50% - 2:01
PK Defense
1 - 52% - 50% - 2:09
2 - 48% - 50% - 1:57
PK3 Forward
1 - 0% - 50%
2 - 0% - 50%
PK3 Defense
1 - 0% - 50%
2 - 0% - 50%
44 Forward
1 - 0% - 50%
2 - 0% - 50%
44 Defense
1 - 0% - 50%
2 - 0% - 50%
Last Minute Offensive - 0:00
Last Minute Defensive - 0:00
Total
Forward - 60:00
Defense - 60:00
|
Play-by-Play
1st period
0:01 of 1st period - Teddy Blueger wins face-off versus Luke Kunin in neutral zone.
0:15 of 1st period - Wrist shot by Pierre-Edouard Bellemare.
0:15 of 1st period - Stopped by Tuukka Rask without a rebound.
0:16 of 1st period - Chris Tierney wins face-off versus Jean-Luc Foudy in Atlantic City Gamblers zone.
0:41 of 1st period - Timothy Liljegren is hit by Egor Sokolov and loses puck.
2:11 of 1st period - Snap shot by Nick Henry.
2:11 of 1st period - Stopped by Eric Comrie without a rebound.
2:12 of 1st period - Philipp Kurashev wins face-off versus Jakub Lauko in Havana Tropicals zone.
2:14 of 1st period - Minor Penalty to Pavel Dorofeyev for Holding.
2:15 of 1st period - Luke Kunin wins face-off versus Teddy Blueger in Havana Tropicals zone.
2:19 of 1st period - Snap shot by Nils Hoglander.
2:19 of 1st period - Stopped by Eric Comrie without a rebound.
2:20 of 1st period - Teddy Blueger wins face-off versus Luke Kunin in Havana Tropicals zone.
2:29 of 1st period - Snap shot by Teddy Blueger.
2:29 of 1st period - Shot Hit the Post.
2:53 of 1st period - Jean-Luc Foudy is hit by Milan Lucic and loses puck.
3:29 of 1st period - Timothy Liljegren is hit by Luke Kunin and loses puck.
4:14 of 1st period - Penalty to Pavel Dorofeyev is over, Pavel Dorofeyev is back on ice.
4:18 of 1st period - Tucker Poolman is hit by Nils Hoglander and loses puck.
4:49 of 1st period - Wrist shot by Nolan Foote.
4:49 of 1st period - Stopped by Tuukka Rask with a rebound.
6:54 of 1st period - Nolan Foote is hit by Thomas Harley and loses puck.
7:27 of 1st period - Teddy Blueger is hit by Nick Henry and loses puck.
7:50 of 1st period - Nils Hoglander is hit by Pavel Dorofeyev and loses puck.
8:22 of 1st period - Snap shot by Chris Tierney.
8:22 of 1st period - Stopped by Tuukka Rask with a rebound.
8:36 of 1st period - Tucker Poolman is hit by Egor Sokolov.
8:37 of 1st period - Icing by Tucker Poolman.
8:38 of 1st period - Alex Beaucage wins face-off versus Henrik Borgstrom in Havana Tropicals zone.
9:30 of 1st period - Luke Kunin is hit by Dean Kukan and loses puck.
9:55 of 1st period - Slapshot by Ty Smith.
9:55 of 1st period - Deflect By Timothy Liljegren.
9:55 of 1st period - Stopped by Eric Comrie without a rebound.
9:56 of 1st period - Jean-Luc Foudy wins face-off versus Pierre-Edouard Bellemare in Havana Tropicals zone.
9:59 of 1st period - Wrist shot by Yegor Chinakhov.
9:59 of 1st period - Shot Misses the Net.
10:26 of 1st period - Wrist shot by Cody Glass.
10:26 of 1st period - Shot Misses the Net.
10:28 of 1st period - Backhand shot by Cody Glass.
10:28 of 1st period - Stopped by Eric Comrie with a rebound.
10:32 of 1st period - Snap shot by Nils Hoglander.
10:32 of 1st period - Stopped by Eric Comrie without a rebound.
10:33 of 1st period - Jakub Lauko wins face-off versus Chris Tierney in Havana Tropicals zone.
10:37 of 1st period - Minor Penalty to Milan Lucic for Close Hand On Puck.
10:38 of 1st period - Jean-Luc Foudy wins face-off versus Chris Tierney in Havana Tropicals zone.
11:50 of 1st period - Teddy Blueger is hit by Boris Katchouk and loses puck.
12:23 of 1st period - Ronald Attard is hit by Zach Aston-Reese and loses puck.
12:37 of 1st period - Penalty to Milan Lucic is over, Milan Lucic is back on ice.
13:00 of 1st period - Wrist shot by Ty Smith.
13:00 of 1st period - Shot Blocked by Henrik Borgstrom.
13:02 of 1st period - Wrist shot by Alex Beaucage.
13:02 of 1st period - Shot Blocked by Alexander Nylander.
13:04 of 1st period - Wrist shot by Alex Beaucage.
13:04 of 1st period - Shot Blocked by Dean Kukan.
13:06 of 1st period - Wrist shot by Alex Beaucage.
13:06 of 1st period - Shot Misses the Net.
13:08 of 1st period - Slapshot by Callan Foote.
13:08 of 1st period - Stopped by Eric Comrie with a rebound.
13:10 of 1st period - Snap shot by Jakub Lauko.
13:10 of 1st period - Shot Hit the Post.
14:33 of 1st period - Sammy Blais is hit by Boris Katchouk and loses puck.
14:58 of 1st period - Dean Kukan is hit by Egor Sokolov and loses puck.
15:31 of 1st period - Tucker Poolman is hit by Callan Foote and loses puck.
15:42 of 1st period - Pavel Dorofeyev is hit by Boris Katchouk and loses puck.
15:55 of 1st period - Slapshot by Pierre-Edouard Bellemare.
15:55 of 1st period - Stopped by Tuukka Rask without a rebound.
15:56 of 1st period - Luke Kunin wins face-off versus Teddy Blueger in Atlantic City Gamblers zone.
15:56 of 1st period - Luke Kunin is hit by Teddy Blueger.
15:59 of 1st period - Nils Hoglander is hit by Pierre-Edouard Bellemare and loses puck.
16:08 of 1st period - Cody Glass is hit by Teddy Blueger and loses puck.
16:21 of 1st period - Robert Bortuzzo is hit by Jean-Luc Foudy and loses puck.
16:30 of 1st period - Snap shot by Pavel Dorofeyev.
16:30 of 1st period - Shot Misses the Net.
16:42 of 1st period - Wrist shot by Henrik Borgstrom.
16:42 of 1st period - Stopped by Tuukka Rask with a rebound.
16:54 of 1st period - Snap shot by Egor Sokolov.
16:54 of 1st period - Stopped by Eric Comrie with a rebound.
16:56 of 1st period - Wrist shot by Alex Beaucage.
16:56 of 1st period - Stopped by Eric Comrie without a rebound.
16:57 of 1st period - Chris Tierney wins face-off versus Nils Hoglander in Havana Tropicals zone.
17:19 of 1st period - Icing by Zach Whitecloud.
17:20 of 1st period - Milan Lucic wins face-off versus Jean-Luc Foudy in Havana Tropicals zone.
18:05 of 1st period - Off-side.
18:06 of 1st period - Chris Tierney wins face-off versus Jakub Lauko in neutral zone.
18:10 of 1st period - Off-side.
18:11 of 1st period - Jakub Lauko wins face-off versus Teddy Blueger in neutral zone.
18:24 of 1st period - Backhand shot by Ty Smith.
18:24 of 1st period - Stopped by Eric Comrie with a rebound.
18:26 of 1st period - Slapshot by Callan Foote.
18:26 of 1st period - Shot Misses the Net.
18:38 of 1st period - Yegor Chinakhov is hit by Sammy Blais and loses puck.
18:47 of 1st period - Snap shot by Chris Tierney.
18:47 of 1st period - Stopped by Tuukka Rask with a rebound.
19:35 of 1st period - Off-side.
19:36 of 1st period - Teddy Blueger wins face-off versus Jakub Lauko in neutral zone.
Goals for this period are 0 for Havana Tropicals vs 0 for Atlantic City Gamblers.
Shots for this period are 6 for Havana Tropicals vs 9 for Atlantic City Gamblers.
2nd period
0:01 of 2nd period - Yegor Chinakhov wins face-off versus Teddy Blueger in neutral zone.
0:06 of 2nd period - Slapshot by Jean-Luc Foudy.
0:06 of 2nd period - Shot Misses the Net.
0:08 of 2nd period - Wrist shot by Yegor Chinakhov.
0:08 of 2nd period - Stopped by Eric Comrie with a rebound.
0:10 of 2nd period - Snap shot by Boris Katchouk.
0:10 of 2nd period - Deflect By Jean-Luc Foudy.
0:10 of 2nd period - Goal by Jean-Luc Foudy - Havana Tropicals : 0 - Atlantic City Gamblers : 1.
0:11 of 2nd period - Jean-Luc Foudy wins face-off versus Teddy Blueger in neutral zone.
0:16 of 2nd period - Zach Aston-Reese is hit by Yegor Chinakhov and loses puck.
1:41 of 2nd period - Slapshot by Callan Foote.
1:41 of 2nd period - Deflect By Timothy Liljegren.
1:41 of 2nd period - Stopped by Eric Comrie with a rebound.
1:50 of 2nd period - Icing by Nolan Foote.
1:51 of 2nd period - Henrik Borgstrom wins face-off versus Luke Kunin in Havana Tropicals zone.
2:48 of 2nd period - Nick Henry is hit by Darren Raddysh and loses puck.
3:11 of 2nd period - Slapshot by Emil Bemstrom.
3:11 of 2nd period - Shot Misses the Net.
3:21 of 2nd period - Wrist shot by Zach Aston-Reese.
3:21 of 2nd period - Shot Blocked by Layton Ahac.
3:23 of 2nd period - Slapshot by Zach Whitecloud.
3:23 of 2nd period - Shot Blocked by Ronald Attard.
3:25 of 2nd period - Slapshot by Zach Whitecloud.
3:25 of 2nd period - Deflect By Zach Aston-Reese.
3:25 of 2nd period - Shot Misses the Net.
3:25 of 2nd period - Puck is out of play.
3:26 of 2nd period - Luke Kunin wins face-off versus Teddy Blueger in Atlantic City Gamblers zone.
3:26 of 2nd period - Luke Kunin is hit by Pierre-Edouard Bellemare.
3:40 of 2nd period - Icing by Pierre-Edouard Bellemare.
3:41 of 2nd period - Teddy Blueger wins face-off versus Yegor Chinakhov in Havana Tropicals zone.
3:41 of 2nd period - Teddy Blueger is hit by Callan Foote.
3:51 of 2nd period - Snap shot by Teddy Blueger.
3:51 of 2nd period - Stopped by Tuukka Rask with a rebound.
3:53 of 2nd period - Wrist shot by Timothy Liljegren.
3:53 of 2nd period - Stopped by Tuukka Rask with a rebound.
3:55 of 2nd period - Slapshot by Tucker Poolman.
3:55 of 2nd period - Deflect By Teddy Blueger.
3:55 of 2nd period - Stopped by Tuukka Rask with a rebound.
3:57 of 2nd period - Snap shot by Zach Aston-Reese.
3:57 of 2nd period - Shot Blocked by Jean-Luc Foudy.
3:59 of 2nd period - Snap shot by Teddy Blueger.
3:59 of 2nd period - Shot Misses the Net.
4:01 of 2nd period - Slapshot by Pierre-Edouard Bellemare.
4:01 of 2nd period - Stopped by Tuukka Rask without a rebound.
4:02 of 2nd period - Chris Tierney wins face-off versus Luke Kunin in Atlantic City Gamblers zone.
4:07 of 2nd period - Slapshot by Sammy Blais.
4:07 of 2nd period - Shot Misses the Net.
4:27 of 2nd period - Thomas Harley is hit by Emil Bemstrom and loses puck.
4:42 of 2nd period - Minor Penalty to Boris Katchouk for High sticking.
4:43 of 2nd period - Luke Kunin wins face-off versus Teddy Blueger in Atlantic City Gamblers zone.
5:12 of 2nd period - Milan Lucic is hit by Yegor Chinakhov and loses puck.
6:40 of 2nd period - Cody Glass is hit by Robert Bortuzzo and loses puck.
6:42 of 2nd period - Penalty to Boris Katchouk is over, Boris Katchouk is back on ice.
7:35 of 2nd period - Backhand shot by Egor Sokolov.
7:35 of 2nd period - Shot Blocked by Chris Tierney.
7:53 of 2nd period - Slapshot by Thomas Harley.
7:53 of 2nd period - Shot Misses the Net.
8:53 of 2nd period - Philipp Kurashev is hit by Callan Foote.
9:18 of 2nd period - Zach Aston-Reese is hit by Cody Glass.
9:34 of 2nd period - Michael Vukojevic is hit by Tucker Poolman and loses puck.
10:06 of 2nd period - Egor Sokolov is hit by Tucker Poolman and loses puck.
10:24 of 2nd period - Boris Katchouk is hit by Timothy Liljegren and loses puck.
11:03 of 2nd period - Callan Foote is hit by Sammy Blais and loses puck.
11:24 of 2nd period - Michael Vukojevic is hit by Zach Aston-Reese and loses puck.
11:42 of 2nd period - Philipp Kurashev is hit by Boris Katchouk and loses puck.
11:53 of 2nd period - Emil Bemstrom is hit by Ty Smith and loses puck.
12:20 of 2nd period - Slapshot by Chris Tierney.
12:20 of 2nd period - Deflect By Milan Lucic.
12:20 of 2nd period - Stopped by Tuukka Rask with a rebound.
12:22 of 2nd period - Slapshot by Darren Raddysh.
12:22 of 2nd period - Shot Misses the Net.
13:05 of 2nd period - Wrist shot by Teddy Blueger.
13:05 of 2nd period - Stopped by Tuukka Rask with a rebound.
13:21 of 2nd period - Snap shot by Zach Aston-Reese.
13:21 of 2nd period - Shot Blocked by Callan Foote.
13:23 of 2nd period - Snap shot by Pierre-Edouard Bellemare.
13:23 of 2nd period - Stopped by Tuukka Rask with a rebound.
13:25 of 2nd period - Snap shot by Zach Aston-Reese.
13:25 of 2nd period - Stopped by Tuukka Rask without a rebound.
13:26 of 2nd period - Luke Kunin wins face-off versus Chris Tierney in Atlantic City Gamblers zone.
13:54 of 2nd period - Minor Penalty to Pavel Dorofeyev for Hooking.
13:55 of 2nd period - Chris Tierney wins face-off versus Yegor Chinakhov in Havana Tropicals zone.
13:55 of 2nd period - Chris Tierney is hit by Callan Foote.
14:49 of 2nd period - Teddy Blueger is hit by Luke Kunin.
15:54 of 2nd period - Penalty to Pavel Dorofeyev is over, Pavel Dorofeyev is back on ice.
16:00 of 2nd period - Dean Kukan is hit by Jakub Lauko and loses puck.
16:23 of 2nd period - Snap shot by Nick Henry.
16:23 of 2nd period - Shot Blocked by Alexander Nylander.
16:29 of 2nd period - Nolan Foote is hit by Nick Henry.
17:29 of 2nd period - Ty Smith is hit by Robert Bortuzzo.
17:49 of 2nd period - Milan Lucic is hit by Luke Kunin and loses puck.
18:26 of 2nd period - Thomas Harley is hit by Henrik Borgstrom and loses puck.
18:41 of 2nd period - Wrist shot by Pierre-Edouard Bellemare.
18:41 of 2nd period - Shot Misses the Net.
18:43 of 2nd period - Slapshot by Pierre-Edouard Bellemare.
18:43 of 2nd period - Deflect By Zach Aston-Reese.
18:43 of 2nd period - Stopped by Tuukka Rask with a rebound.
18:45 of 2nd period - Snap shot by Darren Raddysh.
18:45 of 2nd period - Shot Misses the Net.
18:54 of 2nd period - Off-side.
18:55 of 2nd period - Chris Tierney wins face-off versus Jakub Lauko in neutral zone.
19:03 of 2nd period - Icing by Cam Dineen.
19:04 of 2nd period - Jakub Lauko wins face-off versus Chris Tierney in Atlantic City Gamblers zone.
19:23 of 2nd period - Snap shot by Jakub Lauko.
19:23 of 2nd period - Stopped by Eric Comrie with a rebound.
19:25 of 2nd period - Snap shot by Jakub Lauko.
19:25 of 2nd period - Deflect By Egor Sokolov.
19:25 of 2nd period - Stopped by Eric Comrie with a rebound.
19:33 of 2nd period - Wrist shot by Egor Sokolov.
19:33 of 2nd period - Shot Misses the Net.
19:45 of 2nd period - Snap shot by Sammy Blais.
19:45 of 2nd period - Stopped by Tuukka Rask without a rebound.
19:46 of 2nd period - Teddy Blueger wins face-off versus Jean-Luc Foudy in Atlantic City Gamblers zone.
19:47 of 2nd period - Snap shot by Pierre-Edouard Bellemare.
19:47 of 2nd period - Stopped by Tuukka Rask without a rebound.
19:48 of 2nd period - Jean-Luc Foudy wins face-off versus Zach Aston-Reese in Atlantic City Gamblers zone.
19:58 of 2nd period - Slapshot by Yegor Chinakhov.
19:58 of 2nd period - Shot Hit the Post.
Goals for this period are 0 for Havana Tropicals vs 1 for Atlantic City Gamblers.
Shots for this period are 11 for Havana Tropicals vs 5 for Atlantic City Gamblers.
3rd period
0:01 of 3rd period - Luke Kunin wins face-off versus Chris Tierney in neutral zone.
1:00 of 3rd period - Minor Penalty to Jakub Lauko for Goalie Interference.
1:01 of 3rd period - Nils Hoglander wins face-off versus Chris Tierney in Atlantic City Gamblers zone.
1:16 of 3rd period - Snap shot by Sammy Blais.
1:16 of 3rd period - Stopped by Tuukka Rask with a rebound.
1:52 of 3rd period - Timothy Liljegren is hit by Cody Glass and loses puck.
1:59 of 3rd period - Wrist shot by Cody Glass.
1:59 of 3rd period - Shot Misses the Net.
3:00 of 3rd period - Penalty to Jakub Lauko is over, Jakub Lauko is back on ice.
3:02 of 3rd period - Yegor Chinakhov is hit by Zach Whitecloud and loses puck.
3:29 of 3rd period - Callan Foote is hit by Emil Bemstrom and loses puck.
5:02 of 3rd period - Thomas Harley is hit by Emil Bemstrom and loses puck.
5:13 of 3rd period - Chris Tierney is hit by Alex Beaucage and loses puck.
5:29 of 3rd period - Zach Whitecloud is hit by Ronald Attard and loses puck.
5:40 of 3rd period - Snap shot by Henrik Borgstrom.
5:40 of 3rd period - Stopped by Tuukka Rask with a rebound.
6:12 of 3rd period - Darren Raddysh is hit by Egor Sokolov.
7:38 of 3rd period - Philipp Kurashev is hit by Xavier Bernard and loses puck.
7:49 of 3rd period - Pavel Dorofeyev is hit by Alex Beaucage.
8:13 of 3rd period - Callan Foote is hit by Zach Aston-Reese.
8:22 of 3rd period - Michael Vukojevic is hit by Zach Aston-Reese.
9:09 of 3rd period - Cam Dineen is hit by Robert Bortuzzo.
9:13 of 3rd period - Luke Kunin is hit by Philipp Kurashev and loses puck.
9:24 of 3rd period - Cam Dineen is hit by Alexander Nylander and loses puck.
9:35 of 3rd period - Zach Whitecloud is hit by Nils Hoglander.
9:50 of 3rd period - Timothy Liljegren is hit by Nils Hoglander and loses puck.
10:04 of 3rd period - Luke Kunin is hit by Tucker Poolman and loses puck.
10:17 of 3rd period - Snap shot by Alexander Nylander.
10:17 of 3rd period - Shot Misses the Net.
10:19 of 3rd period - Wrist shot by Tucker Poolman.
10:19 of 3rd period - Goal by Tucker Poolman - Havana Tropicals : 1 - Atlantic City Gamblers : 1.
10:20 of 3rd period - Teddy Blueger wins face-off versus Jean-Luc Foudy in neutral zone.
10:38 of 3rd period - Icing by Jean-Luc Foudy.
10:39 of 3rd period - Jean-Luc Foudy wins face-off versus Chris Tierney in Atlantic City Gamblers zone.
10:48 of 3rd period - Wrist shot by Yegor Chinakhov.
10:48 of 3rd period - Shot Blocked by Milan Lucic.
10:50 of 3rd period - Slapshot by Ronald Attard.
10:50 of 3rd period - Shot Misses the Net.
10:52 of 3rd period - Backhand shot by Yegor Chinakhov.
10:52 of 3rd period - Stopped by Eric Comrie with a rebound.
10:54 of 3rd period - Slapshot by Cam Dineen.
10:54 of 3rd period - Stopped by Eric Comrie with a rebound.
11:14 of 3rd period - Snap shot by Ty Smith.
11:14 of 3rd period - Shot Misses the Net.
11:16 of 3rd period - Slapshot by Ty Smith.
11:16 of 3rd period - Stopped by Eric Comrie without a rebound.
11:17 of 3rd period - Jakub Lauko wins face-off versus Teddy Blueger in Havana Tropicals zone.
11:20 of 3rd period - Snap shot by Alex Beaucage.
11:20 of 3rd period - Goal by Alex Beaucage - Havana Tropicals : 1 - Atlantic City Gamblers : 2.
11:21 of 3rd period - Teddy Blueger wins face-off versus Luke Kunin in neutral zone.
11:24 of 3rd period - Slapshot by Robert Bortuzzo.
11:24 of 3rd period - Stopped by Tuukka Rask with a rebound.
11:26 of 3rd period - Minor Penalty to Cody Glass for Roughing.
11:27 of 3rd period - Teddy Blueger wins face-off versus Nils Hoglander in Atlantic City Gamblers zone.
11:34 of 3rd period - Wrist shot by Zach Aston-Reese.
11:34 of 3rd period - Goal by Zach Aston-Reese - Havana Tropicals : 2 - Atlantic City Gamblers : 2.
11:35 of 3rd period - Chris Tierney wins face-off versus Luke Kunin in neutral zone.
11:43 of 3rd period - Wrist shot by Ty Smith.
11:43 of 3rd period - Shot Misses the Net.
11:51 of 3rd period - Wrist shot by Sammy Blais.
11:51 of 3rd period - Deflect By Milan Lucic.
11:51 of 3rd period - Shot Misses the Net.
11:51 of 3rd period - Puck is out of play.
11:52 of 3rd period - Jean-Luc Foudy wins face-off versus Teddy Blueger in Atlantic City Gamblers zone.
11:57 of 3rd period - Snap shot by Boris Katchouk.
11:57 of 3rd period - Shot Blocked by Robert Bortuzzo.
12:17 of 3rd period - Luke Kunin is hit by Zach Whitecloud and loses puck.
12:40 of 3rd period - Icing by Callan Foote.
12:41 of 3rd period - Jakub Lauko wins face-off versus Philipp Kurashev in Atlantic City Gamblers zone.
13:00 of 3rd period - Wrist shot by Egor Sokolov.
13:00 of 3rd period - Shot Misses the Net.
13:02 of 3rd period - Snap shot by Jakub Lauko.
13:02 of 3rd period - Goal by Jakub Lauko - Havana Tropicals : 2 - Atlantic City Gamblers : 3.
13:03 of 3rd period - Teddy Blueger wins face-off versus Jean-Luc Foudy in neutral zone.
13:17 of 3rd period - Double Minor Penalty to Zach Aston-Reese for High sticking.
13:18 of 3rd period - Luke Kunin wins face-off versus Teddy Blueger in Havana Tropicals zone.
13:40 of 3rd period - Slapshot by Milan Lucic.
13:40 of 3rd period - Deflect By Chris Tierney.
13:40 of 3rd period - Stopped by Tuukka Rask without a rebound.
13:41 of 3rd period - Jean-Luc Foudy wins face-off versus Chris Tierney in Atlantic City Gamblers zone.
13:41 of 3rd period - Jean-Luc Foudy is hit by Chris Tierney.
14:09 of 3rd period - Wrist shot by Cody Glass.
14:09 of 3rd period - Goal by Cody Glass - Havana Tropicals : 2 - Atlantic City Gamblers : 4.
14:10 of 3rd period - Teddy Blueger wins face-off versus Luke Kunin in neutral zone.
14:13 of 3rd period - Slapshot by Robert Bortuzzo.
14:13 of 3rd period - Shot Blocked by Luke Kunin.
14:23 of 3rd period - Snap shot by Nils Hoglander.
14:23 of 3rd period - Shot Misses the Net.
14:25 of 3rd period - Slapshot by Ty Smith.
14:25 of 3rd period - Stopped by Eric Comrie with a rebound.
14:37 of 3rd period - Jean-Luc Foudy is hit by Chris Tierney and loses puck.
16:09 of 3rd period - Penalty to Zach Aston-Reese is over, Zach Aston-Reese is back on ice.
16:19 of 3rd period - Wrist shot by Alex Beaucage.
16:19 of 3rd period - Shot Blocked by Timothy Liljegren.
16:21 of 3rd period - Slapshot by Alex Beaucage.
16:21 of 3rd period - Shot Misses the Net.
17:11 of 3rd period - Snap shot by Teddy Blueger.
17:11 of 3rd period - Shot Blocked by Callan Foote.
17:13 of 3rd period - Snap shot by Pierre-Edouard Bellemare.
17:13 of 3rd period - Shot Misses the Net.
17:35 of 3rd period - Luke Kunin is hit by Robert Bortuzzo and loses puck.
17:42 of 3rd period - Wrist shot by Nolan Foote.
17:42 of 3rd period - Stopped by Tuukka Rask without a rebound.
17:43 of 3rd period - Xavier Bernard wins face-off versus Philipp Kurashev in Atlantic City Gamblers zone.
17:48 of 3rd period - Emil Bemstrom is hit by Xavier Bernard and loses puck.
18:37 of 3rd period - Backhand shot by Egor Sokolov.
18:37 of 3rd period - Shot Blocked by Tucker Poolman.
18:39 of 3rd period - Snap shot by Alex Beaucage.
18:39 of 3rd period - Stopped by Eric Comrie without a rebound.
18:40 of 3rd period - Jean-Luc Foudy wins face-off versus Philipp Kurashev in Havana Tropicals zone.
19:06 of 3rd period - Alex Beaucage is hit by Darren Raddysh and loses puck.
19:15 of 3rd period - Snap shot by Zach Aston-Reese.
19:15 of 3rd period - Shot Misses the Net.
19:33 of 3rd period - Yegor Chinakhov is hit by Zach Whitecloud and loses puck.
19:48 of 3rd period - Ronald Attard is hit by Philipp Kurashev and loses puck.
Goals for this period are 2 for Havana Tropicals vs 3 for Atlantic City Gamblers.
Shots for this period are 7 for Havana Tropicals vs 8 for Atlantic City Gamblers.
Back to the Top